 Dungeon Crawl Stone Soup version 0.30-a0-168-g0b976cbdc4 (webtiles) character file.

Game seed: 17772565643517132155

5 spiderkeys the Stinger (level 1, -1/14 HPs)
             Began as a Demonspawn Venom Mage on Sept 29, 2022.
             Slain by a ball python (3 damage)
             ... on level 1 of the Dungeon.
             The game lasted 00:01:04 (149 turns).

spiderkeys the Stinger (Demonspawn Venom Mage)       Turns: 149, Time: 00:01:05

Health: -1/14      AC:  2    Str:  8    XL:     1   Next: 66%
Magic:  0/3        EV: 12    Int: 16    God:
Gold:   0          SH:  0    Dex: 13    Spells: 3/4 levels left

rFire   . . .      SeeInvis .    d - +0 dagger
rCold   . . .      Faith    .    (no shield)
rNeg    . . .      Spirit   .    a - +0 robe
rPois   +          Reflect  .    (no helmet)
rElec   .          Harm     .    (no cloak)
rCorr   .          Rampage  .    (no gloves)
Will    .....                    (no boots)
Stlth   ++........               (no amulet)
HPRegen 0.04/turn                P - ring of poison resistance
MPRegen 0.08/turn                (no ring)

@: no status effects
A: no striking features
a: no special abilities


You were on level 1 of the Dungeon.
You visited 1 branch of the dungeon, and saw 1 of its levels.


   Skills:
 + Level 0.3 Fighting
 - Level 1.7 Dodging
 - Level 1.7 Stealth
 + Level 2.1 Spellcasting
 + Level 1.0 Transmutations
 + Level 3.1 Poison Magic


You had 3 spell levels left.
You knew the following spells:

 Your Spells              Type           Power      Damage    Failure   Level
s - Sting                 Tmut/Pois      32%        1d4       9%          1

Your spell library contained the following spells:

 Spells                   Type           Power      Damage    Failure   Level
 Poisonous Vapours        Pois/Air       12%        N/A       16%         2
 Mephitic Cloud           Conj/Pois/Air  5%         N/A       38%         3
 Olgreb's Toxic Radiance  Pois           11%        N/A       50%         4

Inventory:

Hand Weapons
 d - a +0 dagger (weapon)
   (You found it on level 1 of the Dungeon)
 e - a +0 sling
   (You found it on level 1 of the Dungeon)
Armour
 a - a +0 robe (worn)
 c - a +0 robe
   (You found it on level 1 of the Dungeon)
Jewellery
 P - a ring of poison resistance (left hand)
   (You found it on level 1 of the Dungeon)
Potions
 b - a potion of magic

Dungeon Overview and Level Annotations

Branches:
Dungeon (1/15) Zot: 5848

Altars:

##.# #.. ### #..# #.# ..
#. #.# #.# .# ..
..#########.####.# ##. .
.................##.. ..
~~~~~~..~~~~~~~~##..
###...
.8..8....8..8..~##.##..g.
######''######.~##.#..#
#~~~~~..~~~~~#8~@S..$#
#~..........~#.~.#:###
#~.########.~#.≈.#.#
#~..........~#.~.#.#
#~~~~~..~~~~~#.~.#.#
######''######.~...#
#...§........#.~.###
#§§§§§.§≈≈≈≈≈#.~.#
#≈§≈§≈..≈≈≈§≈#


You could see a ball python.


Message History

Moving in this stuff is going to be slow.
The sting misses the quokka. 😎 MP[-1]
You lost 1 mp, and now have 2/3 mp.
The sting hits the quokka.
The quokka is poisoned. 😎 MP[-1]
You lost 1 mp, and now have 1/3 mp.
The sting misses the quokka.
You kill the quokka! 😎 MP[-1]
You lost 1 mp, and now have 0/3 mp.
You enter the shallow water.
Moving in this stuff is going to be slow.
You enter the shallow water.
Moving in this stuff is going to be slow.
A quokka comes into view. 😎 MP[+3]
Your mp is fully restored (3).
There is an escape hatch in the floor here.
A rat and a giant cockroach come into view.
The sting hits the giant cockroach.
The giant cockroach is poisoned. 😎 MP[-1]
You lost 1 mp, and now have 2/3 mp.
The sting hits the giant cockroach.
The giant cockroach looks even sicker.
You kill the giant cockroach!
Your Transmutations skill increases to level 1! 😎 MP[-1]
You lost 1 mp, and now have 1/3 mp.
The rat bites you but does no damage.
Things that are here:
a book of Cantrips; a giant cockroach corpse Really attack while wielding nothing? [Y]es or [N]o only, please.
Really attack while wielding nothing? [Y]es or [N]o only, please.
Really attack while wielding nothing? [Y]es or [N]o only, please.
Really attack while wielding nothing?
Okay, then.
d - a +0 dagger (weapon)
The rat closely misses you.
You hit the rat but do no damage. The rat misses you.
You hit the rat.
You kill the rat!
A ball python comes into view.
The quokka misses you. x2
You miscast Sting.
You are very lightly contaminated with residual magic.
Nothing appears to happen.
The quokka bites you but does no damage. 😎 MP[-1]
You lost 1 mp, and now have 0/3 mp.
You hit the quokka. The quokka bites you. 😕 HP[-1]
You take 1 damage, and now have 12/13 hp.
You barely miss the quokka. The quokka bites you. 😮 HP[-5]
You take 5 damage, and now have 7/13 hp.
MASSIVE DAMAGE!! (PAUSE)
You barely miss the quokka. The quokka closely misses you.
You completely miss the quokka. The quokka bites you.
* * * LOW HITPOINT WARNING * * *
The quokka completely misses you. 😨 HP[-1]
You take 1 damage, and now have 6/13 hp.
You closely miss the quokka. The quokka barely misses you. 😨 MP[+1]
You barely miss the quokka.
The quokka bites you but does no damage.
Your magical contamination has completely faded away.
Casting: Sting (safe; 9% risk of failure)
Confirm with . or Enter, or press ? or * to list all spells.
Aiming: Sting (safe; 9% risk of failure)
Press: ? - help, Shift-Dir - straight line, f/p - quokka
Aim: a quokka (heavily wounded, 56% to hit)
The sting hits the quokka.
The quokka is poisoned.
The ball python hisses angrily.
The quokka bites you.
* * * LOW HITPOINT WARNING * * *
😱 HP[-3] MP[-1]
You take 3 damage, and now have 3/13 hp.
MASSIVE DAMAGE!! (PAUSE)
You lost 1 mp, and now have 0/3 mp.
You hit the quokka but do no damage. The quokka barely misses you.
A goblin comes into view. It is wielding a +0 club.
The goblin shouts!
You hit the quokka but do no damage. The quokka bites you.
* * * LOW HITPOINT WARNING * * *
The quokka closely misses you. 😱 HP[-2]
You take 2 damage, and now have 1/13 hp.
Unknown command.
You hit the quokka.
You kill the quokka! 😱 HP[+1]
You now have 14 max hp (+1).
There is an escape hatch in the floor here.
Okay, then.
You hit the ball python. The ball python bites you.
You die...

Skill      XL: |  1 |
---------------+----+-----
Transmutations | 1 |  1.0
Fighting       | |  0.3
Dodging        | |  1.7
Stealth        | |  1.7
Spellcasting   | |  2.1
Poison Magic   | |  3.1

Action                   || total
-------------------------++-------
Melee: Dagger            ||    12
 Cast: Sting             ||     8
Armor: Robe              ||     3
Dodge: Dodged            ||    10

Levels and vault maps discovered:
D:1:      lightli_arrival_isolated_outpost, layout_rooms, minmay_tetromino_i4

Notes
Turn   | Place    | Note
-------+----------+-------------------------------------------
     0 | D:1      | spiderkeys the Demonspawn Venom Mage began the quest for
                  | the Orb.
     0 | D:1      | Reached XP level 1. HP: 13/13 MP: 3/3
     0 | D:1      | magus.rc [v1.11.3]
   130 | D:1      | Reached skill level 1 in Transmutations
   142 | D:1      | HP: 3/13 [quokka (3)]
   144 | D:1      | HP: 1/13 [quokka (2)]
   149 | D:1      | Slain by a ball python

Vanquished Creatures
  A giant cockroach (D:1)
  2 quokkas (D:1)
  A bat (D:1)
  A rat (D:1)
5 creatures vanquished.

Table legend:
 A = Non-vault XP
 B = Vault XP
 C = Vault XP percentage of total XP
 D = Non-vault monster count
 E = Vault monster count
 F = Vault count percentage of total count
                 A         B        C        D         E       F
            +---------+---------+-------+---------+---------+-------
      Total |       8 |       0 |   0.0 |       5 |       0 |   0.0
            +---------+---------+-------+---------+---------+-------
        D:1 |       8 |       0 |   0.0 |       5 |       0 |   0.0
            +---------+---------+-------+---------+---------+-------

Illustrated notes

Table legend:
 A = Kills in this place as a percentage of kills in entire the game.
 B = Kills by you in this place as a percentage of kills by you in the entire game.
 C = Kills by friends in this place as a percentage of kills by friends in the entire game.
 D = Other kills in this place as a percentage of other kills in the entire game.
 E = Experience gained in this place as a percentage of experience gained in the entire game.
 F = Experience gained in this place divided by the number of levels of this place that you have seen.
                   A       B       C       D       E      F
               +-------+-------+-------+-------+-------+----------------------
         Total | 100.0 | 100.0 |   N/A |   N/A | 100.0 |   8.0
       Dungeon | 100.0 | 100.0 |   N/A |   N/A | 100.0 |   8.0
               +-------+-------+-------+-------+-------+----------------------

Table legend: (Time is in decaauts)
 A = Elapsed time spent in this place.
 B = Non-inter-level travel time spent in this place.
 C = Inter-level travel time spent in this place.
 D = Time resting spent in this place.
 E = Time spent auto-exploring this place.
 F = Levels seen in this place.
 G = Mean time per level.
                   A        B        C        D        E       F      G
               +--------+--------+--------+--------+--------+-----+--------+
         Total |    151 |    151 |      0 |      0 |     89 |   1 |  151.0 |
       Dungeon |    151 |    151 |      0 |      0 |     89 |   1 |  151.0 |
               +--------+--------+--------+--------+--------+-----+--------+

Top non-repeatable levels by time:
     D:1: 151 daAuts
